Map: Lightshade LE

Players

IlIlllIlIlII

  • Race: Zerg Zerg
  • Spawn Location: 5:00

A.I. 1 (Very Easy) - Winner!

  • Race: Terran Terran
  • Spawn Location: 11:00

VOD

Have the link to the VOD?

Description

Time

  • Played on: Feb. 6, 2021, 11 a.m.
  • Length: 9:02
Show
View Real Time Build Order
Export as new Build Order

IlIlllIlIlII Zerg 

Build Orders: Hatch First 

Get SALT Encoding   

  12  0:00  Drone  
  13  0:13  Overlord  
  13  0:17  Drone  
  14  0:31  Drone x2  
  16  0:48  Hatchery  
  15  0:52  Drone  
  15  0:55  Drone  
  17  1:10  Spawning Pool  
  16  1:12  Drone  
  16  1:13  Drone  
  18  1:19  Drone  
  19  1:33  Drone  
  20  1:42  Drone  
  21  1:59  Zergling x2  
  21  2:00  Queen x2  
  26  2:03  Hatchery  
  26  2:04  Zergling x2  
  26  2:09  Overlord  
  26  2:14  Drone  
  27  2:16  Extractor  
  27  2:18  Drone  
  27  2:22  Drone  
  28  2:33  Drone x3  
  28  2:35  Queen  
  33  2:43  Queen  
  35  2:48  Overlord  
  35  2:53  Drone  
  36  2:59  Roach Warren  
  36  3:01  Drone  
  36  3:10  Drone x3  
  39  3:16  Drone x3  
  39  3:18  Drone  
  43  3:20  Drone  
  43  3:26  Overlord  
  44  3:28  Drone  
  44  3:31  Overlord  
  45  3:40  Roach x2  
  49  3:45  Roach x3  
  49  3:47  Roach  
  57  3:50  Drone  
  57  3:53  Drone x2  
  60  4:00  Overlord  
  60  4:01  Drone x3  
  63  4:07  Extractor  
  62  4:12  Overlord  
  62  4:13  Drone x3  
  65  4:22  Drone x2  
  65  4:23  Drone  
  68  4:25  Drone  
  68  4:26  Lair  
  68  4:30  Spore Crawler  
  68  4:31  Spore Crawler  
  68  4:32  Spore Crawler  
  68  4:33  Drone  
  68  4:37  Drone x2  
  68  4:38  Overlord  
  69  4:41  Queen  
  71  4:46  Overlord  
  71  4:47  Drone, Extractor x2  
  71  4:48  Drone  
  71  4:53  Evolution Chamber  
  71  4:54  Evolution Chamber  
  69  5:01  Drone x2  
  69  5:02  Drone x4  
  69  5:04  Drone x2  
  69  5:05  Drone  
  78  5:11  Drone x4  
  82  5:25  Zerg Ground Armor Level 1, Zerg Missile Weapons Level 1, Glial Reconstitution  
  82  5:27  Drone x4  
  82  5:28  Drone  
  87  5:29  Drone  
  88  5:36  Queen, Extractor  
  88  5:37  Extractor  
  88  5:39  Queen  
  90  5:54  Drone x3  
  90  5:56  Hatchery  
  92  5:57  Overlord x3  
  92  6:10  Drone x2  
  94  6:12  Roach x2  
  94  6:13  Overlord x2  
  98  6:23  Drone x6  
  104  6:27  Roach x7  
  118  6:36  Overlord  
  118  6:37  Roach, Overlord  
  118  6:38  Roach x3  
  118  6:39  Ravager  
  128  6:40  Ravager  
  128  6:44  Roach x2  
  128  6:45  Hydralisk Den  
  131  6:55  Roach x6  
  143  7:02  Roach  
  145  7:12  Roach x5  
  145  7:13  Overlord x3  
  145  7:15  Pneumatized Carapace  
  155  7:18  Overlord  
  155  7:24  Muscular Augments  
  155  7:27  Drone x3  
  155  7:29  Drone x2  
  160  7:33  Overlord  
  160  7:40  Drone x8  
  168  7:45  Extractor  
  168  7:46  Drone x5, Extractor, Spore Crawler  
  170  7:51  Infestation Pit, Hydralisk  
  170  7:52  Hydralisk  
  170  7:54  Hydralisk  
  170  7:56  Hydralisk  
  177  8:08  Hatchery  
  177  8:10  Hydralisk x4  
  184  8:20  Overlord  
  184  8:26  Hydralisk x3  
  190  8:27  Overlord  
  190  8:31  Hatchery  
  189  8:35  Drone x2, Lurker Den  
  190  8:43  Extractor, Roach x4  
  190  8:45  Spore Crawler  
  190  8:46  Spore Crawler x2  
  190  8:47  Extractor  
  185  8:52  Spore Crawler  
  185  8:54  Ravager x4  
Show
View Real Time Build Order
Export as new Build Order

A.I. 1 (Very Easy) Terran - Winner!

Build Orders: Reaper Expand 

Get SALT Encoding   

  12  0:00  SCV  
  13  0:13  SCV  
  14  0:18  Supply Depot  
  14  0:41  Barracks  
  14  1:02  Command Center  
  14  1:28  Marine  
  14  1:31  Orbital Command, Supply Depot  
  15  1:37  Refinery  
  15  1:48  Refinery  
  15  1:57  SCV  
  16  2:09  SCV  
  16  2:14  SCV  
  18  2:16  Reaper  
  18  2:21  SCV  
  20  2:28  SCV  
  21  2:36  SCV  
  22  2:42  Refinery  
  22  2:43  SCV  
  23  2:50  SCV  
  24  2:57  SCV  
  25  3:04  SCV  
  26  3:06  Marine  
  26  3:11  SCV  
  28  3:19  SCV  
  29  3:20  Factory  
  29  3:41  Refinery  
  29  3:43  SCV  
  30  3:50  SCV  
  30  3:54  Supply Depot  
  31  3:56  Barracks Tech Lab  
  31  3:58  SCV  
  32  4:05  SCV  
  32  4:08  Starport  
  33  4:12  SCV  
  33  4:14  Marine  
  35  4:19  SCV  
  36  4:26  SCV  
  36  4:30  Supply Depot  
  37  4:33  SCV  
  38  4:40  SCV  
  39  4:45  Starport Tech Lab  
  39  4:48  SCV  
  40  4:55  SCV  
  41  5:02  SCV  
  41  5:04  Raven, Marine  
  45  5:09  SCV  
  46  5:16  SCV  
  47  5:46  Raven  
  49  5:55  Marauder  
  51  6:45  Marauder  
  53  7:34  Marine  
Tags
 
Add a new tag
Caveats
  • Supply blocks, unpowered buildings, or Contaminate may cause inaccurate times.
  • Supply counts are checked every 10 seconds.